 Dungeon Sprint DCSS version 0.31-a0-1-g4198be8af4 (webtiles) character file.

Game seed: 3364195744275630392

698 123456 the Fighter (level 7, -6/75 HPs)
             Began as a Minotaur Fighter on May 1, 2023.
             Was an Initiate of Gozag.
             Mangled by a sixfirhy (12 damage)
             ... summoned by a kobold demonologist
             ... in the Dungeon (Sprint I: "Red Sonja").
             The game lasted 00:00:58 (1030 turns).

123456 the Fighter (Minotaur Fighter)               Turns: 1030, Time: 00:01:00

Health: -6/75      AC:  0    Str: 23    XL:     7   Next: 38%
Magic:  6/6        EV: 11    Int:  5    God:    Gozag
Gold:   405        SH:  4    Dex:  9    Spells: 6/6 levels left

rFire   . . .        a - +0 flail
rCold   . . .        c - +0 buckler
rNeg    . . .        b - +0 scale mail
rPois   .            (helmet restricted)
rElec   .            (no cloak)
rCorr   .            (no gloves)
SInv    .            (no boots)
Will    .....        (no amulet) Stlth
                     (no ring)
HPRegen 0.32/turn    (no ring)
MPRegen 0.10/turn

%: no teleportation
@: corroded
A: horns 2, retaliatory headbutt
a: Renounce Religion, Potion Petition, Call Merchant, Bribe Branch


You were in the Dungeon.
You worshipped Gozag.
Gozag was aware of your devotion.
You visited 1 branch You collected 405 gold pieces.

Inventory:

Hand Weapons
 a - a +0 flail (weapon)
Armour
 b - a +0 scale mail (worn)
 c - a +0 buckler (worn)
Wands
 k - a wand of iceblast (9)
Scrolls
 j - a scroll of blinking
 l - a scroll of vulnerability {unknown}
Potions
 d - a potion of might
 e - a potion of curing
 f - a potion of heal wounds
 g - a potion of haste
 h - 2 potions of magic
 i - 2 potions of berserk rage


   Skills:
 * Level 11.8 Fighting
 * Level 11.5 Maces & Flails
 + Level 8.7 Armour
 + Level 7.0 Dodging
 - Level 3.6 Shields


You had 6 spell levels left.
You didn't know any spells.
Your spell library was empty.

Dungeon Overview and Level Annotations

Branches:
Dungeon (1/1)

Altars:
Cheibriados
Dithmenos
Elyvilon
Fedhas
Gozag
Hepliaklqana
Kikubaaqudgha
Makhleb
Nemelex Xobeh
Okawaru
Qazlal
Ru
Sif Muna
Trog
Uskayaw
Vehumet
Wu Jian
Xom
Yredelemnul
Zin
The Shining One
Jiyva
Lugonu

Shops:
D *


Innate Abilities, Weirdness & Mutations

You have a pair of horns on your head.
You reflexively headbutt those who attack you in melee.


Message History

You hit the kobold demonologist but do no damage.
The kobold demonologist is lightly wounded.
The kobold demonologist hits you with a +0 dagger.
You block the kobold demonologist's attack.
You sock the kobold demonologist!
The kobold demonologist is moderately wounded.
The kobold demonologist hits you with a +0 dagger.
You block the kobold demonologist's attack.
Unknown command.
You closely miss the kobold demonologist.
The kobold demonologist is moderately wounded.
The kobold demonologist mumbles some strange words.
The kobold demonologist hits you with a +0 dagger.
You hit the kobold demonologist but do no damage.
The kobold demonologist is moderately wounded.
The kobold demonologist closely misses you.
The kobold demonologist hits you with a +0 dagger.
You closely miss the kobold demonologist.
Your headbutt misses the kobold demonologist.
The kobold demonologist is moderately wounded.
The rust devil disappears in a puff of smoke!
The sixfirhy closely misses you. You block the sixfirhy's attack.
The sixfirhy closely misses you. You furiously retaliate!
You headbutt the sixfirhy, but do no damage.
The sixfirhy barely misses you.
You thump the kobold demonologist! You headbutt the kobold demonologist.
The kobold demonologist is almost dead.
The sixfirhy hits you! The sixfirhy shocks you!
* * * LOW HITPOINT WARNING * * *
The sixfirhy barely misses you. You furiously retaliate!
You headbutt the sixfirhy, but do no damage.
The sixfirhy misses you.
The kobold demonologist hits you with a +0 dagger.
* * * LOW HITPOINT WARNING * * *
The kobold demonologist casts a spell.
The sixfirhy hits you!
* * * LOW HITPOINT WARNING * * *
The sixfirhy shocks you!
You die...
Your body crumbles into a pile of gold.

#####################
.').#..'..#__#.3@K4.#
$$
.#..').#..'..'.5#K..#
$
###'#####'#__####55.+
$ ##..#...#.####
##### $ $ _####..##.#
$$ $ ____##'#_.+ $
.∩...†..._# $$ $$$
..__##_.#'#
____###+#(# $ $


You could see a rust devil (summoned), 2 kobold demonologists, a sixfirhy
(summoned), a crimson imp (summoned) and 2 ufetubi.

Vanquished Creatures
  Sigmund (D)
  A slime creature (D)
  A yak (D)
  A floating eye (D)
  An ogre (D)
  A jelly (D)
  Ijyb (D)
7 creatures vanquished.

Notes
Turn   | Place    | Note
-------+----------+-------------------------------------------
     0 | D        | 123456 the Minotaur Fighter began the quest for the Orb.
     0 | D        | Reached XP level 1. HP: 19/19 MP: 0/0
     1 | D        | Noticed Ijyb
     9 | D        | Killed Ijyb
    10 | D        | Reached skill level 5 in Fighting
    10 | D        | Reached XP level 2. HP: 4/29 MP: 1/1
   116 | D        | Noticed an ogre
   122 | D        | Killed an ogre
   123 | D        | Reached skill level 5 in Armour
   123 | D        | Reached XP level 3. HP: 4/39 MP: 2/2
   123 | D        | Reached XP level 4. HP: 5/47 MP: 3/3
   286 | D        | Noticed Sigmund
   304 | D        | Killed Sigmund
   305 | D        | Reached skill level 5 in Dodging
   305 | D        | Reached XP level 5. HP: 32/57 MP: 4/4
   305 | D        | Reached XP level 6. HP: 36/64 MP: 5/5
   490 | D        | Found a burning altar of Makhleb.
   490 | D        | Found a viscous altar of Jiyva.
   490 | D        | Found a shimmering altar of Xom.
   490 | D        | Found a corrupted altar of Lugonu.
   490 | D        | Noticed a slime creature
   501 | D        | Killed a slime creature
   502 | D        | Reached skill level 10 in Fighting
   502 | D        | Reached skill level 10 in Maces & Flails
   799 | D        | Found an ornate altar of the Wu Jian Council.
   799 | D        | Found a shimmering blue altar of Sif Muna.
   801 | D        | Found a radiant altar of Vehumet.
   863 | D        | Found Pulamot's General Store.
   863 | D        | Found an ancient bone altar of Kikubaaqudgha.
   863 | D        | Found a hazy altar of Hepliaklqana.
   863 | D        | Found a stormy altar of Qazlal.
   863 | D        | Found a hide-covered altar of Uskayaw.
   863 | D        | Found a blossoming altar of Fedhas.
   863 | D        | Found a bloodstained altar of Trog.
   863 | D        | Found an iron altar of Okawaru.
   863 | D        | Found a basalt altar of Yredelemnul.
   863 | D        | Found a glowing golden altar of the Shining One.
   863 | D        | Found a snail-covered altar of Cheibriados.
   863 | D        | Found a sacrificial altar of Ru.
   863 | D        | Found a glowing silver altar of Zin.
   863 | D        | Found a shadowy altar of Dithmenos.
   863 | D        | Found a white marble altar of Elyvilon.
   863 | D        | Noticed a yak
   868 | D        | Killed a yak
   869 | D        | Reached XP level 7. HP: 70/74 MP: 6/6
   869 | D        | Found an opulent altar of Gozag.
   870 | D        | Found a sparkling altar of Nemelex Xobeh.
   875 | D        | Became a worshipper of Gozag Ym Sagoz the Greedy
  1007 | D        | Noticed a kobold demonologist
  1008 | D        | Noticed a kobold demonologist
  1009 | D        | Paralysed by a floating eye for 4 turns
  1012 | D        | Noticed a rust devil
  1020 | D        | Noticed a rust devil
  1028 | D        | Noticed a sixfirhy
  1030 | D        | Mangled by a sixfirhy

Illustrated notes

Levels and vault maps discovered:
D:        dungeon_sprint_1 [red_sonja_temple_1, red_sonja_temple_small_1]

Skill      XL: |  1  2  3  4  5  6  7 |
---------------+----------------------+-----
Fighting       | 5 7 9 11 | 11.8
Maces & Flails | 4 6 9 11 | 11.5
Armour         | 4 5 7 8 |  8.7
Dodging        | 2 3 5 6 7 |  7.0
Shields        | |  3.6

Action                     |  1- 3 |  4- 6 |  7- 9 || total
---------------------------+-------+-------+-------++-------
  Melee: Flail             |    13 |    29 |    16 ||    58
         Headbutt          |     2 |     5 |     2 ||     9
 Armour: Scale mail        |     2 |     6 |     3 ||    11
  Dodge: Dodged            |     4 |     5 |    11 ||    20
  Block: Buckler           |       |     1 |     6 ||     7

Table legend: (Time is in decaauts)
 A = Elapsed time spent in this place.
 B = Non-inter-level travel time spent in this place.
 C = Inter-level travel time spent in this place.
 D = Time resting spent in this place.
 E = Time spent auto-exploring this place.
 F = Levels seen in this place.
 G = Mean time per level.
                   A        B        C        D        E       F      G
               +--------+--------+--------+--------+--------+-----+--------+
         Total |   1030 |   1030 |      0 |    848 |      1 |   1 | 1030.0 |
       Dungeon |   1030 |   1030 |      0 |    848 |      1 |   1 | 1030.0 |
               +--------+--------+--------+--------+--------+-----+--------+

Top non-repeatable levels by time:
       D: 1030 daAuts
